 Dungeon Crawl Stone Soup version 0.25-b1-37-g2669288c55 (webtiles) character file.

Game seed: 4090771836160532290

84249 grindst0ne the Placeless Demigod (level 14, -25/115 HPs)
             Began as a Demigod Earth Elementalist on June 5, 2020.
             Annihilated by a juggernaut zombie (38 damage)
             ... on level 14 of the Dungeon.
             The game lasted 01:52:15 (34726 turns).

grindst0ne the Placeless Demigod (DgEE)            Turns: 34726, Time: 01:52:16

Health: -25/115    AC:  9    Str: 11    XL:     14   Next: 95%
Magic:  12/41      EV: 17    Int: 27    God:
Gold:   585        SH:  5    Dex: 16    Spells: 4/31 levels left

rFire    . . .     SeeInvis .   b - staff of earth
rCold    . . .     Gourm    .   (no shield)
rNeg     . . .     Faith    .   U - +2 robe {Archmagi}
rPois    .         Spirit   .   G - +1 hat
rElec    .         Reflect  +   (no cloak)
rCorr    .         Harm     .   l - +0 pair of gloves
MR       ++...                  X - +2 pair of boots {run}
Stlth    ++........             M - amulet of reflection
HPRegen  0.29/turn              I - ring of protection from magic
MPRegen  0.27/turn              i - ring of magical power

@: quick
A: high mp 1
a: no special abilities


You were on level 14 of the Dungeon.
You were not hungry.

You visited 2 branches of the dungeon, and saw 21 of its levels.
You visited 1 bazaar.
You also visited: Ice Cave.

You collected 1726 gold pieces.
You spent 1141 gold pieces at shops.

Inventory:

Missiles
 h - 2 atropa-tipped darts (quivered)
 A - 41 stones
Armour
 c - a +1 robe of fire resistance
 j - a +0 buckler
 l - a +0 pair of gloves (worn)
 G - a +1 hat (worn)
 L - a +2 robe of cold resistance
 U - a +2 robe of the Archmagi (worn)
 X - a +2 pair of boots of running (worn)
Magical Staves
 a - an uncursed staff of energy
 b - an uncursed staff of earth (weapon)
Jewellery
 i - a ring of magical power (right hand)
 p - an uncursed ring of resist corrosion
 y - a +4 ring of evasion
 C - an uncursed ring of positive energy
 H - an uncursed ring of protection from fire
 I - a ring of protection from magic (left hand)
 M - an amulet of reflection (around neck)
 O - an uncursed amulet of faith {unknown}
Wands
 w - a wand of flame (71)
 x - a wand of paralysis (7)
 F - a wand of digging (11)
 R - a wand of polymorph (13)
 Z - a wand of enslavement (7)
Scrolls
 f - 6 scrolls of fear
 g - 9 scrolls of teleportation
 m - 3 scrolls of enchant armour
 o - 4 scrolls of magic mapping
 q - a scroll of brand weapon
 r - 6 scrolls of remove curse
 u - 3 scrolls of fog
 D - a scroll of identify
 J - 6 scrolls of amnesia
 N - a scroll of blinking
Potions
 e - 3 potions of invisibility
 n - 3 potions of flight
 s - a potion of berserk rage
 t - 5 potions of haste
 z - a potion of resistance
 B - 7 potions of curing
 E - 2 potions of lignification
 K - 2 potions of ambrosia
 P - a potion of brilliance {unknown}
 Q - a potion of might
 Y - 3 potions of mutation
Miscellaneous
 v - a phial of floods (inert)
 V - a tin of tremorstones (2/3)
Comestibles
 d - 15 rations


   Skills:
 - Level 8.0 Fighting
 - Level 7.4 Dodging
 - Level 1.7 Stealth
 + Level 9.2 Spellcasting
 - Level 2.0 Summonings
 * Level 13.6 Translocations
 - Level 8.4 Transmutations
 - Level 10.0 Earth Magic
 - Level 10.0 Evocations


You had 4 spell levels left.
You knew the following spells:

 Your Spells              Type           Power        Failure   Level  Hunger
a - Sandblast             Erth           ######       1%          1    None
b - Stone Arrow           Conj/Erth      ######       1%          3    None
c - Passwall              Tmut/Erth      #######.     1%          2    None
d - Lee's Rapid Deconstr  Erth           #######...   2%          5    ####...
e - Controlled Blink      Tloc           N/A          75%         8    #######
f - Summon Forest         Summ/Tloc      ######....   5%          5    ####...
g - Ozocubu's Armour      Chrm/Ice       ###.....     14%         3    None

Your spell library contained the following spells:

 Spells                   Type           Power        Failure   Level  Hunger
 Sting                    Tmut/Pois      ####         1%          1    None
 Gell's Gravitas          Tloc           #######...   1%          3    None
 Recall                   Summ/Tloc      N/A          1%          3    None
 Teleport Other           Tloc           #######.     1%          3    None
 Petrify                  Tmut/Erth      #######.     1%          4    None
 Iskenderun's Mystic Bla  Conj/Tloc      ######..     2%          4    None
 Animate Skeleton         Necr           N/A          4%          1    None
 Magic Dart               Conj           ###.         4%          1    None
 Pain                     Necr           ###.         4%          1    None
 Ignite Poison            Fire/Tmut/Pois #####...     4%          3    None
 Poisonous Vapours        Pois/Air       ###...       7%          2    None
 Searing Ray              Conj           ###...       7%          2    None
 Swiftness                Chrm/Air       ###.....     7%          2    None
 Confusing Touch          Hex            ###.....     14%         3    None
 Dazzling Flash           Conj/Hex       ###...       14%         3    None
 Inner Flame              Hex/Fire       ###.....     14%         3    None
 Spectral Weapon          Hex/Chrm       ###.....     14%         3    None
 Vampiric Draining        Necr           ###.......   14%         3    None
 Animate Dead             Necr           N/A          43%         4    None
 Fulminant Prism          Conj/Hex       ###.......   43%         4    None
 Alistair's Intoxication  Tmut/Pois      ######..     22%         5    ####...
 Yara's Violent Unravell  Hex/Tmut       ######....   22%         5    ####...
 Agony                    Necr           ###.....     78%         5    ####...
 Iskenderun's Battlesphe  Conj/Chrm      ###.....     78%         5    ####...
 Metabolic Englaciation   Hex/Ice        ###.......   78%         5    ####...
 Ring of Flames           Chrm/Fire      ###.......   100%        7    #######


Dungeon Overview and Level Annotations

Branches:
Dungeon (15/15)            Temple (0/1) D:5            Lair (6/6) D:10
 Shoals (0/4) Lair:2        Snake (0/4) Lair:3        Slime (0/5) Lair:5
    Orc (0/2) D:10         Vaults (0/5) D:13         Depths (0/5) D:15
  IceCv (visited)

Shops:
D:9 *   D:10 %

Annotations:
D:3 2 transporters
D:4 1 runed translucent door, exclusion: downstairs
D:5 exclusion: downstairs
D:9 exclusion: downstairs
D:13 exclusion: downstairs


Innate Abilities, Weirdness & Mutations

You have an increased reservoir of magic. (+10% MP)


Message History

Aiming: Lee's Rapid Deconstruction (dangerous; 2% risk of failure)
Press: ? - help, Dir - move target cursor A rock wall.
You feel a strong surge of power!
The wall shatters!
The blast of rock fragments hits the golden dragon zombie.
The golden dragon zombie is almost destroyed.
Casting: Lee's Rapid Deconstruction (dangerous; 2% risk of failure)
Confirm with . or Enter, or press ? or * to list all spells.
Aiming: Lee's Rapid Deconstruction (dangerous; 2% risk of failure)
Press: ? - help, Dir - move target cursor A rock wall.
You feel a strong surge of power!
The wall shatters!
The blast of rock fragments hits the golden dragon zombie!!
You destroy the golden dragon zombie!
You block the juggernaut zombie's attack.
The juggernaut zombie hits you!
* * * LOW HITPOINT WARNING * * *
There is an open door here.
The juggernaut zombie hits you!!!
You die...

#....)....................#......
#......#######'###........#......
#......#.........##########......
#.................#......##......
#.................#......##......
#.................#......##......
#.................#......##......
#.............########'######'###
#........)......@Z...............
#...........................###..
#...........................# #..
#.....................###...# #..
#..................(..###...# #..
#................(.((...(..(###.(
#............................"(..
#################################


You could see a juggernaut zombie.

Vanquished Creatures
  The ghost of Onucvo the Cleaver, a journeyman FoFi of Okawaru (D:14)
  2 vampire knights (D:15)
  Erolcha (D:10)
  8 hydras
  2 ice dragons (D:15)
  2 death knights
  A two-headed ogre (D:9)
  A merfolk avatar (Lair:6)
  2 dancing weapons (D:13)
  A tengu warrior (D:14)
  A death yak (D:10)
  4 centaur warriors
  Urug (Lair:2)
  A fire crab (Lair:5)
  A golden dragon zombie (D:14)
  A skeletal warrior (D:12)
  4 unseen horrors
  A necromancer (IceCv)
  4 oklob plants (Lair:6)
  2 phantasmal warriors
  A spectral spriggan (D:14)
  A harpy (Lair:6)
  2 cyclopes
  A frost giant zombie (D:14)
  A stone giant zombie (D:14)
  A fire giant zombie (D:14)
  A spectral deep troll (D:14)
  5 manticores
  2 ugly things
  2 deep elf magi
  2 elephants (Lair:6)
  7 black mambas
  3 centaur zombies
  A torpor snail (Lair:5)
  5 centaur skeletons
  4 ice statues
  2 gargoyles
  16 spiny frogs
  16 komodo dragons
  3 freezing wraiths
  2 rime drakes
  4 meliai
  8 ice devils (IceCv)
  2 tengu conjurers (D:14)
  2 tyrant leeches (D:15)
  3 polar bears (Lair:6)
  7 blink frogs
  A shadow dragon simulacrum (D:14)
  A hornet (D:10)
  11 slime creatures
  A wind drake (Lair:6)
  7 dream sheep (Lair:5)
  17 hippogriffs
  A shadow (D:15)
  A spriggan (D:9)
  6 wyverns
  2 vampires
  A water elemental (D:11)
  2 wraiths
  3 hungry ghosts
  7 basilisks
  41 yaks
  12 vampire mosquitoes
  Menkaure (D:7)
  A soldier ant (D:15)
  6 porcupines
  3 orc warriors
  12 water moccasins
  2 ice beasts (D:10)
  3 sky beasts
  5 ogres
  2 phantoms
  A black bear (D:9)
  An ice dragon simulacrum (D:14)
  4 wolves (Lair:1)
  The ghost of grindst0ne the Skirmisher, an amateur DsGl (D:4)
  2 eyes of draining (D:8)
  21 centaurs
  11 crocodiles
  3 big kobolds
  18 bullfrogs
  A wyvern skeleton (D:14)
  2 scorpions
  3 killer bees (D:8)
  15 wights
  2 howler monkeys
  13 electric eels
  7 crimson imps
  A bullfrog zombie (D:6)
  4 draconian simulacra (IceCv)
  7 hounds
  5 jellies
  7 orc priests
  3 iguanas
  12 orc wizards
  10 worker ants
  7 hell rats
  3 troll simulacra (IceCv)
  2 centaur simulacra
  A hound zombie (D:11)
  A hound skeleton (D:6)
  2 worker ant zombies (D:10)
  2 naga simulacra (IceCv)
  4 river rats (D:10)
  10 adders
  A gnoll (D:8)
  A howler monkey skeleton (D:6)
  4 shadow imps
  13 white imps
  2 oozes
  An adder skeleton (D:4)
  7 worms
  3 leopard geckos
  60 orcs
  8 bats
  4 giant cockroaches
  8 goblins
  8 hobgoblins
  21 jackals
  17 kobolds
  3 quokkas
  6 ball pythons
  10 frilled lizards
  3 leopard gecko skeletons
  2 leopard gecko zombies (D:9)
  11 rats
  3 fungi
  2 plants
678 creatures vanquished.

Vanquished Creatures (others)
  21 fungi
  23 plants
44 creatures vanquished.

Grand Total: 722 creatures vanquished

Notes
Turn   | Place    | Note
-------+----------+-------------------------------------------
     0 | D:1      | grindst0ne the Demigod Earth Elementalist began the quest
                  | for the Orb.
     0 | D:1      | Reached XP level 1. HP: 14/14 MP: 5/5
    69 | D:1      | Reached XP level 2. HP: 6/20 MP: 0/7
  1160 | D:1      | Reached XP level 3. HP: 26/26 MP: 9/9
  2109 | D:2      | Learned a level 3 spell: Stone Arrow
  2112 | D:2      | Learned a level 2 spell: Passwall
  2271 | D:2      | Reached skill level 1 in Transmutations
  2271 | D:2      | Reached XP level 4. HP: 33/33 MP: 9/11
  2592 | D:3      | Found a transporter.
  2992 | D:3      | Found a transporter.
  3344 | D:3      | Reached XP level 5. HP: 34/38 MP: 8/12
  4597 | D:4      | Learned a level 5 spell: Lee's Rapid Deconstruction
  4606 | D:4      | Reached XP level 6. HP: 42/45 MP: 8/14
  4755 | D:4      | Found a shattered altar of Ashenzari.
  4776 | D:4      | Found a snail-covered altar of Cheibriados.
  4825 | D:4      | Found a runed translucent door.
  5042 | D:4      | Found a runed translucent door.
  5239 | D:4      | Noticed grindst0ne's ghost (amateur DsGl)
  5447 | D:4      | Reached skill level 5 in Earth Magic
  5779 | D:4      | Killed grindst0ne's ghost
  5779 | D:4      | Reached XP level 7. HP: 44/50 MP: 8/16
  5907 | D:5      | Entered Level 5 of the Dungeon
  5973 | D:5      | Found a staircase to the Ecumenical Temple.
  7765 | D:6      | Reached XP level 8. HP: 57/57 MP: 9/17
  7958 | D:6      | Reached skill level 5 in Transmutations
  8338 | D:7      | Reached skill level 1 in Fighting
  8364 | D:7      | Reached skill level 5 in Dodging
  8664 | D:7      | Found a basalt altar of Yredelemnul.
  8741 | D:7      | Found a white marble altar of Elyvilon.
  9007 | D:7      | Noticed Menkaure
  9011 | D:7      | Killed Menkaure
  9013 | D:7      | Found a stormy altar of Qazlal.
  9224 | D:8      | Reached XP level 9. HP: 68/68 MP: 14/18
  9283 | D:8      | Found an iron altar of Okawaru.
  9404 | D:8      | Got a twisted dagger
  9405 | D:8      | Identified the +5 dagger "Cibec" {elec, +Rage} (You found
                  | it on level 8 of the Dungeon)
  9643 | D:8      | Found a bloodstained altar of Trog.
  9842 | D:8      | Found an ancient bone altar of Kikubaaqudgha.
  9844 | D:8      | Found a burning altar of Makhleb.
  9864 | D:8      | Reached skill level 1 in Evocations
 10222 | D:9      | Found Ifoudego's Assorted Antiques.
 10917 | D:9      | Found an opulent altar of Gozag.
 11452 | D:10     | Entered Level 10 of the Dungeon
 11518 | D:10     | Reached XP level 10. HP: 78/78 MP: 10/20
 11645 | D:10     | Noticed a manticore
 11648 | D:10     | Killed a manticore
 11736 | D:10     | Reached skill level 5 in Spellcasting
 11738 | D:10     | Found Qacwaek's Food Shoppe.
 12149 | D:10     | Noticed Erolcha
 12156 | D:10     | Killed Erolcha
 12273 | D:10     | Noticed a death yak
 12291 | D:10     | Killed a death yak
 12291 | D:10     | Noticed a death yak
 12330 | D:10     | Noticed a death yak
 12422 | D:10     | Noticed a manticore
 12453 | D:10     | Found a staircase to the Orcish Mines.
 12456 | D:10     | Killed a manticore
 12570 | D:10     | Noticed a two-headed ogre
 12680 | D:10     | Paralysed by a hornet for 1 turns
 12711 | D:9      | Killed a two-headed ogre
 12711 | D:9      | Reached skill level 5 in Fighting
 12898 | D:10     | Identified the +1 leather armour "Weryn" {-Tele rCorr SInv}
 12911 | D:10     | Reached XP level 11. HP: 86/86 MP: 7/23
 13194 | D:10     | Found a burning altar of Makhleb.
 13194 | D:10     | Found a shimmering blue altar of Sif Muna.
 13312 | D:10     | Found a hide-covered altar of Uskayaw.
 13312 | D:10     | Found a snail-covered altar of Cheibriados.
 13326 | D:10     | Killed an unseen horror
 13451 | D:10     | Identified the Guide on Translocation and Poison
 13454 | D:10     | Identified the Incunabulum of Scorching Venom
 13465 | D:10     | Learned a level 8 spell: Controlled Blink
 13539 | D:10     | Found a staircase to the Lair.
 13735 | D:10     | Reached skill level 5 in Evocations
 16436 | Lair:1   | Entered Level 1 of the Lair of Beasts
 17503 | Lair:2   | Found a staircase to the Shoals.
 17840 | Lair:2   | Reached skill level 1 in Translocations
 17840 | Lair:2   | Reached XP level 12. HP: 100/100 MP: 14/25
 17845 | Lair:2   | Reached skill level 10 in Earth Magic
 18027 | Lair:2   | Reached skill level 2 in Translocations
 18503 | Lair:2   | Reached skill level 3 in Translocations
 18612 | Lair:2   | Noticed a five-headed hydra
 18617 | Lair:2   | Killed a five-headed hydra
 18710 | Lair:2   | Noticed Urug
 18743 | Lair:2   | Killed Urug
 18758 | Lair:2   | Reached skill level 4 in Translocations
 19203 | Lair:3   | Found the +8 frozen axe "Frostbite" {freezing cloud, *Noise
                  | +Fly rC+}
 19266 | Lair:3   | Found a frozen archway.
 19275 | Lair:3   | Reached skill level 5 in Translocations
 19284 | IceCv    | Entered an ice cave
 20516 | IceCv    | Reached skill level 6 in Translocations
 20662 | IceCv    | Got a translucent scale mail
 21387 | Lair:3   | Noticed a six-headed hydra
 21395 | Lair:3   | Killed a six-headed hydra
 21470 | Lair:3   | Found a staircase to the Snake Pit.
 21543 | Lair:3   | You fall into a shaft and drop 2 floors!
 21546 | Lair:5   | Reached skill level 7 in Translocations
 21661 | Lair:5   | Noticed an eight-headed hydra
 21664 | Lair:5   | Killed an eight-headed hydra
 21693 | Lair:5   | Noticed an eight-headed hydra
 21700 | Lair:5   | Killed an eight-headed hydra
 21700 | Lair:5   | Reached XP level 13. HP: 107/107 MP: 5/26
 21802 | Lair:5   | Reached skill level 8 in Translocations
 23508 | Lair:4   | Reached skill level 9 in Translocations
 24348 | Lair:5   | Found a viscous altar of Jiyva.
 24348 | Lair:5   | Found a staircase to the Slime Pits.
 24407 | Lair:6   | Entered Level 6 of the Lair of Beasts
 25302 | Lair:6   | Reached skill level 10 in Translocations
 25389 | Lair:6   | Reached skill level 10 in Evocations
 26645 | Lair:6   | Learned a level 5 spell: Summon Forest
 26834 | Lair:6   | Reached skill level 1 in Summonings
 27599 | D:12     | Reached skill level 11 in Translocations
 27609 | D:12     | Reached XP level 14. HP: 110/115 MP: 18/29
 28920 | D:13     | Identified the Volume of Protection
 28926 | D:13     | Learned a level 3 spell: Ozocubu's Armour
 28951 | D:13     | Found a gate to the Vaults.
 29351 | D:13     | Reached skill level 12 in Translocations
 30079 | D:14     | Found a flickering gateway to a bazaar.
 30094 | Bazaar   | Entered a bazaar
 30094 | Bazaar   | Found Amachauw's Armour Emporium.
 30152 | Bazaar   | Found Otzasez's Magic Scroll Boutique.
 30172 | Bazaar   | Found Etsusiwk's Food Shoppe.
 30208 | Bazaar   | Found Juhar's Armour Shop.
 30214 | Bazaar   | Bought a +1 pair of boots of running for 474 gold pieces
 30237 | Bazaar   | Bought a +0 robe of the Archmagi for 443 gold pieces
 30257 | Bazaar   | Bought a scroll of teleportation for 24 gold pieces
 30257 | Bazaar   | Bought a scroll of identify for 16 gold pieces
 30257 | Bazaar   | Bought a scroll of amnesia for 28 gold pieces
 30260 | Bazaar   | Bought a scroll of identify for 16 gold pieces
 30278 | Bazaar   | Bought a ration for 35 gold pieces
 30278 | Bazaar   | Bought a ration for 35 gold pieces
 30278 | Bazaar   | Bought a ration for 35 gold pieces
 30278 | Bazaar   | Bought a ration for 35 gold pieces
 30737 | D:14     | Found a runed translucent gate.
 30737 | D:14     | Found a runed translucent gate.
 30737 | D:14     | Found a runed translucent gate.
 30737 | D:14     | Noticed Onucvo's ghost (journeyman FoFi)
 31863 | D:14     | Killed Onucvo's ghost
 32490 | D:15     | Entered Level 15 of the Dungeon
 32623 | D:15     | Reached skill level 13 in Translocations
 32817 | D:15     | Found a shattered altar of Ashenzari.
 33360 | D:15     | Paralysed by a vampire knight for 5 turns
 34437 | D:15     | Found the +12 Vampire's Tooth {vamp}
 34523 | D:15     | Found a staircase to the Depths.
 34726 | D:14     | Annihilated by a juggernaut zombie

Illustrated notes

Levels and vault maps discovered:
D:1:      dpeg_arrival_arbitrary_c, layout_basic, minmay_fountain_box,
          minmay_shallow_snake_nest
D:2:      layout_loops_ring
D:3:      gammafunk_wand_slinger, layout_basic, first_ration,
          minmay_misc_feat_nine_boxes, minmay_splitting_lines,
          minmay_misc_feat_square
D:4:      layout_loops_corners, lemuel_crystal_altar, lemuel_doored_altar,
          ebering_ghost_sewer_f, minmay_fractal_squares_diagonal_5
D:5:      layout_rooms, minmay_temple_entry_ruins
D:6:      layout_rooms, kennysheep_cluttered_room, minmay_fire_ice_demons
D:7:      layout_basic, kennysheep_ying_yang, lemuel_coloured_pillars_altar,
          uniq_menkaure
D:8:      layout_loops_ring, trog_eyes_of_draining,
          chequers_temple_overflow_statue_of_worship, okawaru_gym_becter
D:9:      layout_roguey, grunt_gozag_statues, serial_shops, shop_fountains,
          grunt_pizzeria, feat_on_display
D:10:     minmay_the_grid_octo_triangle [minmay_the_grid_octo_shrine,
          minmay_the_grid_octo_prize_star, minmay_the_grid_octo_77],
          layout_loops_corners, dpeg_lair_monsters, serial_shops,
          nicolae_shop_stone, uniq_erolcha
D:11:     layout_loops_ring, minmay_misc_feat_diagonals, kennysheep_boxes
D:12:     layout_roguey
D:13:     layout_gridville, erik_vaults_1
D:14:     layout_stronghold, gammafunk_ghost_necromancy, serial_shops,
          bzr_entry_islet, minivault_16, minmay_liquid_box,
          minmay_misc_feat_doors, minmay_misc_feat_more_columns
D:15:     grunt_enter_depths_hoard, layout_loops_ring, basic_altar,
          minmay_guarded_unrand_vampires_tooth
Lair:1:   layout_regular_city
Lair:2:   layout_long_grid, minmay_shoals_entry_centaurs, beast_lair_carwin_10,
          uniq_urug
Lair:3:   layout_roguey, dummy_snake_entry, portal_ice_cave_entry_imps
Lair:4:   layout_roguey, serial_bayou_shore_a, lemuel_fruit_tree,
          grunt_megastairs_3
Lair:5:   layout_regular_city, slime_altar_1, serial_bayou_lake_a
Lair:6:   gammafunk_lair_ancient_temple, layout_long_grid, grunt_megastairs_4,
          minmay_lair_oklob_chamber

Skill      XL: |  1  2  3  4  5  6  7  8  9 10 11 12 13 14 |
---------------+-------------------------------------------+-----
Spellcasting   | 2 3 4 5 6 7 9 |  9.2
Earth Magic    | 3 4 5 6 7 8 9 10 | 10.0
Transmutations | 1 2 3 4 5 6 7 8 |  8.4
Dodging        | 2 4 5 6 7 |  7.4
Fighting       | 2 3 5 7 8 |  8.0
Evocations     | 3 4 6 8 10 | 10.0
Translocations | 1 7 11 13 | 13.6
Summonings     | 1 2 |  2.0
Stealth        | |  1.7

Action                   |  1- 3 |  4- 6 |  7- 9 | 10-12 | 13-15 || total
-------------------------+-------+-------+-------+-------+-------++-------
Melee: Unarmed           |     5 |       |       |       |       ||     5
       Short sword       |    81 |    18 |       |       |       ||    99
       Dagger            |       |   109 |    25 |       |       ||   134
       Staff             |       |       |    36 |    40 |     9 ||    85
Throw: Dart              |       |       |     3 |     5 |       ||     8
 Cast: Sandblast         |    43 |    81 |   158 |   240 |   286 ||   808
       Stone Arrow       |       |       |    36 |   157 |    72 ||   265
       Lee's Rapid Decon |       |       |       |    69 |   205 ||   274
Evoke: Wand              |       |       |     5 |     5 |    27 ||    37
       Staff of energy   |       |       |       |     3 |     9 ||    12
       Tin of tremorston |       |       |       |     3 |     2 ||     5
       Phial of floods   |       |       |       |       |     1 ||     1
  Use: Scroll            |       |     6 |     9 |    10 |    21 ||    46
       Potion            |       |       |     3 |       |     8 ||    11
 Stab: Sleeping          |     6 |     3 |     1 |       |       ||    10
  Eat: Chunk             |     4 |    11 |    13 |    31 |    38 ||    97
       Ration            |       |       |     2 |     5 |    12 ||    19
Armor: Robe              |    21 |    33 |    16 |    29 |    43 ||   142
Dodge: Dodged            |    69 |   131 |   151 |   295 |   214 ||   860
Block: Other             |       |       |       |       |    15 ||    15
